 Dungeon Crawl Stone Soup version 0.23-a0-143-g1adec7b (webtiles) character file.

26 chorionicmirror the Slasher (level 2, 0/23 HPs)
             Began as a Demonspawn Gladiator on Sept 6, 2018.
             Slain by Sigmund
             ... wielding a +0 scythe
              (8 damage)
             ... on level 2 of the Dungeon.
             The game lasted 00:03:59 (759 turns).

chorionicmirror the Slasher (Demonspawn Gladiator)   Turns: 759, Time: 00:04:00

Health: 0/23       AC:  6    Str: 14    XL:     2   Next: 89%
Magic:  2/2        EV: 11    Int:  9    God:
Gold:   45         SH:  0    Dex: 14    Spells: 1/1 levels left

rFire    . . .     SeeInvis .   a - +0 long sword
rCold    . . .     Gourm    .   (no shield)
rNeg     . . .     Faith    .   h - +0 ring mail (curse)
rPois    .         Spirit   .   c - +0 helmet
rElec    .         Reflect  .   (no cloak)
rCorr    .         Harm     .   (no gloves)
MR       .....                  (no boots)
Stlth    +.........             (no amulet)
HPRegen  0.07/turn              (no ring)
MPRegen  0.08/turn              (no ring)

@: no status effects
A: claws 1
a: no special abilities


You were on level 2 of the Dungeon.
You were not hungry.

You visited 1 branch of the dungeon, and saw 2 of its levels.

You collected 45 gold pieces.

Inventory:

Hand Weapons
 a - a +0 long sword (weapon)
Missiles
 d - a throwing net (quivered)
Armour
 c - a +0 helmet (worn)
 h - a cursed +0 ring mail (worn)
Potions
 e - 2 potions of curing
 j - a potion of resistance {unknown}
 k - a potion of flight {unknown}
Comestibles
 f - a ration
 g - 4 chunks of flesh


   Skills:
 + Level 2.6 Fighting
 - Level 3.0 Long Blades
 - Level 1.7 Throwing
 - Level 2.6 Dodging
 * Level 1.2 Unarmed Combat


You had one spell level left.
You didn't know any spells.
Your spell library was empty.

Dungeon Overview and Level Annotations

Branches:
Dungeon (2/15)

Altars:

Annotations:
D:2 Sigmund


Innate Abilities, Weirdness & Mutations

You have sharp fingernails.


Message History

Sigmund struggles against the net.
You hit Sigmund.
Sigmund is lightly wounded.
Sigmund struggles against the net. x2
You hit Sigmund.
Sigmund is lightly wounded.
Sigmund casts a spell.
Sigmund flickers and vanishes!
Deactivating autopickup; reactivate with Ctrl-A.
Something wriggles in the net.
You hit something but do no damage. You hit something.
Something wriggles in the net. x2
All of a sudden the net rips apart!
You slash something! Something barely misses you.
You barely miss something. You miss something.
Something hits you but does no damage.
You closely miss something. Something hits you.
You closely miss something. Something hits you.
You hit something but do no damage. Something hits you!
You die...

# #(### ##
#....###.#
#{@#.#
#.#.#
#.#.# #.#
#.#.# #.#
#.#.# #.#
#.#.# #.#
#.#.# #.#
#.#.# #.#
#.# #.#


There were no monsters in sight!

Vanquished Creatures
  3 leopard geckos (D:1)
  2 giant cockroaches (D:1)
  7 goblins (D:1)
  A hobgoblin (D:1)
  A ball python (D:2)
  3 bats (D:1)
  A frilled lizard (D:2)
  4 kobolds
  A rat (D:1)
23 creatures vanquished.

Notes
Turn   | Place    | Note
-------+----------+-------------------------------------------
     0 | D:1      | chorionicmirror the Demonspawn Gladiator began the quest
                  | for the Orb.
     0 | D:1      | Reached XP level 1. HP: 16/16 MP: 1/1
   119 | D:1      | Reached skill level 3 in Long Blades
   119 | D:1      | Gained mutation: You have sharp fingernails. [demonic
                  | ancestry]
   119 | D:1      | Reached XP level 2. HP: 23/23 MP: 2/2
   373 | D:1      | Reached skill level 1 in Unarmed Combat
   746 | D:2      | Noticed Sigmund
   759 | D:2      | Slain by Sigmund

Vault maps used:
D:1:      dpeg_arrival_round_a
D:2:      uniq_sigmund, uniq_jessica

Skill      XL: |  1  2 |
---------------+-------+-----
Long Blades    | 3 |  3.0
Unarmed Combat | 1 |  1.2
Fighting       | |  2.6
Throwing       | |  1.7
Dodging        | |  2.6

Action                   || total
-------------------------++-------
Melee: Long sword        ||    65
Throw: Throwing net      ||     2
  Use: Scroll            ||     4
Armor: Leather armour    ||    19
       Ring mail         ||     1
Dodge: Dodged            ||    46
       Rpst.: Long sword ||     9

Table legend:
 A = Non-vault XP
 B = Vault XP
 C = Vault XP percentage of total XP
 D = Non-vault monster count
 E = Vault monster count
 F = Vault count percentage of total count
                 A         B        C        D         E       F
            +---------+---------+-------+---------+---------+-------
      Total |      38 |       0 |   0.0 |      23 |       0 |   0.0
            +---------+---------+-------+---------+---------+-------
        D:1 |      34 |       0 |   0.0 |      20 |       0 |   0.0
        D:2 |       4 |       0 |   0.0 |       3 |       0 |   0.0
            +---------+---------+-------+---------+---------+-------
